 Dungeon Crawl Stone Soup version 0.30-a0-702-gdf48620a09 (webtiles) character file.

Game seed: 9473026279274628146

8465 wormed the Sneak (level 11, -1/83 HPs)
             Began as a Demonspawn Fire Elementalist on Jan 22, 2023.
             Was a Believer of Vehumet.
             Slain by a komodo dragon (19 damage)
             ... on level 8 of the Dungeon.
             The game lasted 00:23:08 (14254 turns).

wormed the Sneak (Demonspawn Fire Elementalist)    Turns: 14254, Time: 00:23:09

Health: -1/83      AC:  5    Str:  8    XL:     11   Next: 10%
Magic:  13/21      EV: 20    Int: 20    God:    Vehumet [**....]
Gold:   2098       SH:  0    Dex: 15    Spells: 13/23 levels left

rFire   . . .      SeeInvis .    v - +3 dagger (freeze)
rCold   . . .      Faith    .    (no shield)
rNeg    . . .      Spirit   .    s - +0 robe {Will+}
rPois   .          Reflect  .    (helmet restricted)
rElec   .          Harm     .    q - +0 cloak
rCorr   .          Rampage  .    o - +1 pair of gloves
Will    +....                    (no boots)
Stlth   ++++                     h - amulet of regeneration
HPRegen 1.13/turn                (no ring)
MPRegen 0.17/turn                (no ring)

@: agile
A: horns 2, powered by pain 2, sturdy frame 1, demonic magic 2
a: Renounce Religion


You were on level 8 of the Dungeon.
You worshipped Vehumet.
Vehumet was pleased with you.
You visited 3 branches of the dungeon, and saw 13 of its levels.
You also visited: Bailey.

You collected 2098 gold pieces.

Inventory:

Hand Weapons
 c - a +0 spear
 f - a +1 short sword of flaming
 v - a +3 dagger of freezing (weapon)
 D - a +1 short sword of speed
Armour
 o - a +1 pair of gloves (worn)
 q - a +0 cloak (worn)
 s - a +0 robe of willpower (worn)
Magical Staves
 e - a staff of air
Jewellery
 h - an amulet of regeneration (around neck)
Wands
 b - a wand of mindburst (18)
 x - a wand of acid (7)
 y - a wand of digging (11)
Scrolls
 d - 2 scrolls of fog
 i - 9 scrolls of teleportation
 k - a scroll of magic mapping
 u - a scroll of enchant weapon
 B - a scroll of amnesia
 E - a scroll of fear
Potions
 g - 4 potions of flight
 j - a potion of resistance
 l - 2 potions of lignification
 m - a potion of might {unknown}
 n - 3 potions of invisibility {unknown}
 p - 9 potions of curing
 r - 7 potions of attraction
 t - a potion of ambrosia {unknown}
 w - a potion of haste {unknown}
 z - 2 potions of cancellation {unknown}
 A - a potion of mutation {unknown}
 C - 2 potions of heal wounds {unknown}


   Skills:
 + Level 6.9 Fighting
 + Level 6.6 Dodging
 + Level 7.3 Stealth
 + Level 6.9 Spellcasting
 + Level 7.1 Conjurations
 + Level 7.0 Fire Magic


You had 13 spell levels left.
You knew the following spells:

 Your Spells              Type           Power      Damage    Failure   Level
a - Foxfire               Conj/Fire      100%       2x1d9     1%          1
b - Scorch                Fire           68%        2d8       1%          2
c - Inner Flame           Hex/Fire       20%        N/A       7%          3
d - Flame Wave            Conj/Fire      35%        2d10      5%          4

Your spell library contained the following spells:

 Spells                   Type           Power      Damage    Failure   Level
 Static Discharge         Conj/Air       42%        2-4/arc   3%          2
 Kindle Blastsparks       Fire/Tloc/Air  32%        2d12      11%         3
 Summon Ice Beast         Ice/Summ       6%         N/A       67%         4
 Summon Mana Viper        Hex/Summ       6%         N/A       95%         5
 Monstrous Menagerie      Summ           3%         N/A       100%        7


Dungeon Overview and Level Annotations

Branches:
Dungeon (10/15)            Temple (1/1) D:6            Lair (2/5) D:8
 Bailey (visited)
  Swamp: Lair:2-3    Shoals: Lair:2-3     Snake: Lair:2-3    Spider: Lair:2-3
    Orc: D:9-12

Altars:
Ashenzari
Cheibriados
Dithmenos
Fedhas
Gozag
Hepliaklqana
Kikubaaqudgha
Makhleb
Nemelex Xobeh
Okawaru
Qazlal
Ru
Sif Muna
Trog
Uskayaw
Vehumet
Wu Jian
Yredelemnul

Annotations:
D:10 Nergalle


Innate Abilities, Weirdness & Mutations

You have a pair of horns on your head.
You sometimes gain power by taking damage.
Your movements are slightly less encumbered by armour. (ER -2)
Spells you cast may paralyse nearby enemies.


Message History

The foxfire hits the komodo dragon.
The komodo dragon is moderately wounded.
The komodo dragon is engulfed in blazing flames.
The komodo dragon is engulfed in blazing flames.
There is a shaft here.
There is a staircase back to the Dungeon here.
The komodo dragon bites you!
You focus on the pain.
You feel your power returning.
You climb upwards.
Welcome back to the Dungeon!
There is a staircase to the Lair here.
Casting: Foxfire (safe; 1% risk of failure)
Confirm with . or Enter, or press ? or * to list all spells.
You conjure some foxfire!
Malevolent energies surge around you. The komodo dragon bites you!
Casting: Foxfire (safe; 1% risk of failure)
Confirm with . or Enter, or press ? or * to list all spells.
You conjure some foxfire!
Malevolent energies surge around you.
The foxfire hits the komodo dragon.
The komodo dragon is heavily wounded.
The foxfire hits the komodo dragon.
The komodo dragon is severely wounded.
The komodo dragon bites you!
Casting: Foxfire (safe; 1% risk of failure)
Confirm with . or Enter, or press ? or * to list all spells.
You conjure some foxfire!
Malevolent energies surge around you.
The foxfire hits the komodo dragon.
The komodo dragon is severely wounded.
The foxfire hits the komodo dragon but does no damage.
The komodo dragon is severely wounded.
The komodo dragon bites you!
* * * LOW HITPOINT WARNING * * *
Casting: Foxfire (safe; 1% risk of failure)
Confirm with . or Enter, or press ? or * to list all spells.
You conjure some foxfire!
Malevolent energies surge around you.
The foxfire hits the komodo dragon!
The komodo dragon is almost dead.
The foxfire hits the komodo dragon.
The komodo dragon is almost dead.
The komodo dragon bites you!!
You die...

###.########........P.## #.#
###...P........# #)#
##..P....P.P....##
#)####..P)..........P.#
#...........P...[....P##
#.##......P...P........#
#.##..?..P.............#
###.##...P..............P# ##
...!..<.#.......@l..PP...# #.
#...[.###.P....vv.......P# ##.
##...## #....P...........######..
###.#####............P...#.....>#
# #..........P..........##.####..
# #.######.........P..P.##.# ###
##'## ##...P..P.........# ##...##
#.P.....P....###.# #..(..##
##........P.####.##


You could see a komodo dragon (ally target).

Vanquished Creatures
  A two-headed ogre (D:8)
  A cane toad (Lair:2)
  A rime drake (Lair:1)
  2 komodo dragons
  A hornet (D:9)
  10 yaks
  A steam dragon (D:5)
  4 water moccasins
  6 orc warriors (Bailey)
  2 ice beasts (D:7)
  4 black bears
  An ogre (D:6)
  6 centaurs
  7 kobold brigands
  3 scorpions
  7 bullfrogs
  2 necrophages (D:5)
  8 wights (D:9)
  3 killer bees (D:8)
  An electric eel (Lair:1)
  A howler monkey (D:9)
  A gnoll bouda (D:6)
  9 orc priests
  4 hounds (D:5)
  A jelly (D:6)
  An iron imp (D:9)
  7 iguanas
  7 orc wizards
  4 gnolls
  10 adders
  A river rat (D:2)
  2 white imps
  An ufetubus (D:6)
  2 worms
  A dart slug (D:1)
  25 orcs
  8 ball pythons
  2 bats (D:1)
  6 endoplasms
  3 giant cockroaches
  9 goblins
  10 hobgoblins
  6 quokkas
  4 frilled lizards
  24 kobolds
  6 rats
226 creatures vanquished.

Vanquished Creatures (others)
  372 foxfires
  48 fungi
  53 plants
473 creatures vanquished.

Grand Total: 699 creatures vanquished

Notes
Turn   | Place    | Note
-------+----------+-------------------------------------------
     0 | D:1      | wormed the Demonspawn Fire Elementalist began the quest for
                  | the Orb.
     0 | D:1      | Reached XP level 1. HP: 13/13 MP: 3/3
   244 | D:1      | Gained mutation: Your movements are slightly less
                  | encumbered by armour. (ER -2) [demonic ancestry]
   244 | D:1      | Reached XP level 2. HP: 20/20 MP: 5/5
   312 | D:1      | Found a faded altar of an unknown god.
   380 | D:1      | Learned a level 2 spell: Scorch
   619 | D:1      | Reached XP level 3. HP: 25/25 MP: 1/6
  1039 | D:2      | Learned a level 3 spell: Inner Flame
  1095 | D:2      | Found a shimmering blue altar of Sif Muna.
  1108 | D:2      | Reached skill level 1 in Fighting
  2324 | D:3      | Found a burning altar of Makhleb.
  2324 | D:3      | Noticed a blizzard demon
  2336 | D:3      | Reached XP level 4. HP: 8/32 MP: 2/7
  2613 | D:3      | Found an iron altar of Okawaru.
  2745 | D:3      | Found a glowing drain.
  3331 | D:3      | Gained mutation: Spells you cast may paralyse adjacent
                  | enemies. [demonic ancestry]
  3331 | D:3      | Reached XP level 5. HP: 33/37 MP: 5/8
  3331 | D:3      | Identified a scroll of acquirement
  3331 | D:3      | Acquired a staff of air
  3370 | D:4      | Found a sacrificial altar of Ru.
  4590 | D:4      | Gained mutation: You have a pair of small horns on your
                  | head. [demonic ancestry]
  4590 | D:4      | Reached XP level 6. HP: 44/44 MP: 7/10
  4737 | D:5      | Entered Level 5 of the Dungeon
  4832 | D:5      | Noticed a steam dragon
  5152 | D:5      | Gained mutation: You sometimes gain a little power by
                  | taking damage. [demonic ancestry]
  5152 | D:5      | Reached XP level 7. HP: 24/51 MP: 2/12
  5313 | D:5      | Killed a steam dragon
  6318 | D:5      | Learned a level 4 spell: Flame Wave
  6724 | D:6      | Gained mutation: Spells you cast may paralyse nearby
                  | enemies. [demonic ancestry]
  6724 | D:6      | Reached XP level 8. HP: 43/58 MP: 9/13
  6851 | D:6      | Found a staircase to the Ecumenical Temple.
  6866 | Temple   | Entered the Ecumenical Temple
  7004 | Temple   | Became a worshipper of Vehumet
  7653 | D:6      | Found a stormy altar of Qazlal.
  8282 | D:7      | Found a blossoming altar of Fedhas.
  8285 | D:7      | Found a sparkling altar of Nemelex Xobeh.
  8288 | D:7      | Found a broken altar of Ashenzari.
  8328 | D:7      | Found a basalt altar of Yredelemnul.
  8536 | D:7      | Reached skill level 5 in Stealth
  8543 | D:7      | Reached skill level 5 in Fire Magic
  8705 | D:7      | Found a large runed translucent door.
  8706 | D:7      | Found a large runed translucent door.
  8748 | D:7      | Found a flagged portal.
  8799 | Bailey   | Entered a bailey
  8816 | Bailey   | Reached * piety under Vehumet
  8816 | Bailey   | Offered knowledge of Magic Dart by Vehumet.
  8832 | Bailey   | Gained mutation: You have a pair of horns on your head.
                  | [demonic ancestry]
  8832 | Bailey   | Reached XP level 9. HP: 40/66 MP: 10/16
  9025 | Bailey   | Reached skill level 5 in Spellcasting
  9025 | Bailey   | Reached skill level 5 in Conjurations
  9242 | Bailey   | Reached skill level 5 in Fighting
  9242 | Bailey   | Reached skill level 5 in Dodging
  9374 | Bailey   | Found a burning altar of Makhleb.
  9472 | D:7      | Found an ornate altar of the Wu Jian Council.
 10425 | D:8      | Found a staircase to the Lair.
 10801 | D:8      | Noticed a two-headed ogre
 10835 | D:8      | Killed a two-headed ogre
 10970 | D:8      | Gained mutation: You sometimes gain power by taking damage.
                  | [demonic ancestry]
 10970 | D:8      | Reached XP level 10. HP: 76/76 MP: 5/18
 11398 | D:8      | Reached ** piety under Vehumet
 11398 | D:8      | Offered knowledge of Momentum Strike by Vehumet.
 11696 | D:8      | Found a hazy altar of Hepliaklqana.
 12217 | D:8      | Found a hide-covered altar of Uskayaw.
 12695 | D:9      | Found a snail-covered altar of Cheibriados.
 13612 | D:10     | Entered Level 10 of the Dungeon
 13784 | D:10     | Noticed Nergalle
 13833 | Lair:1   | Entered Level 1 of the Lair of Beasts
 14069 | Lair:1   | Noticed a death yak
 14091 | Lair:2   | Noticed a cane toad
 14097 | Lair:2   | Killed a cane toad
 14097 | Lair:2   | Offered knowledge of Static Discharge by Vehumet.
 14098 | Lair:2   | Reached XP level 11. HP: 46/83 MP: 7/21
 14118 | Lair:1   | Noticed a death yak
 14138 | D:8      | Acquired 808 gold pieces
 14254 | D:8      | Slain by a komodo dragon

Illustrated notes

Levels and vault maps discovered:
D:1:      lightli_arrival_statue_moat, layout_loops_ring,
          hellmonk_ecumenical_altar_inner_sanctum
D:2:      layout_basic, basic_altar, kennysheep_generic_room_7
D:3:      layout_basic, makhleb_altar_promises_db,
          mainiacjoe_overflow_boulevard, portal_sewer_entry_a,
          minmay_splitting_lines, kennysheep_generic_room_13
D:4:      layout_basic, nicolae_overflow_crystal_walls
D:5:      layout_loops_corners, kennysheep_opposing_triangles
D:6:      layout_loops_ring, kennysheep_mini, minmay_temple_entry_mini_moons
D:7:      layout_loops_corners, grunt_temple_overflow_cloverleaf,
          pdpol_wu_jian_five_deadly_venoms, jmf_multi_god_temple2,
          enter_bailey_4, st_stairs_7, grunt_decor_resistance
D:8:      layout_loops_corners, eat_drink_and_be_merry_uskayaw,
          mainiacjoe_overflow_brackets, due_lair_maze_entry_diamond
D:9:      layout_basic, slow_altar_1, minmay_misc_feat_tiny
D:10:     minmay_evil_eye, layout_basic, xom_butterflies, orc_0_dummy,
          hangedman_decor_points, uniq_nergalle
Temple:   nicolae_temple_superstar
Lair:1:   layout_misc_corridors, wad_woods_06, serial_bayou_shore_a
Lair:2:   nzn_winding_woodlands_medium [nzn_winding_woodlands_5x5_perimeter,
          nzn_winding_woodlands_5x15_sawtooth,
          nzn_winding_woodlands_5x5_open_star,
          nzn_winding_woodlands_5x5_default,
          nzn_winding_woodlands_center_diamonds,
          nzn_winding_woodlands_5x5_closed_star,
          nzn_winding_woodlands_5x5_default, nzn_winding_woodlands_5x15_garden,
          nzn_winding_woodlands_5x5_cross], layout_cave_shapes,
          nicolae_spider_entry_orb_guardian, serial_bayou_shore_b, uniq_maggie

Skill      XL: |  1  2  3  4  5  6  7  8  9 10 11 |
---------------+----------------------------------+-----
Stealth        | 2 3 4 5 6 7 |  7.3
Dodging        | 2 3 4 5 6 |  6.6
Fighting       | 1 2 3 4 5 6 |  6.9
Fire Magic     | 3 4 5 6 7 |  7.0
Conjurations   | 2 3 4 5 7 |  7.1
Spellcasting   | 3 4 5 6 |  6.9

Action                   |  1- 3 |  4- 6 |  7- 9 | 10-12 || total
-------------------------+-------+-------+-------+-------++-------
Melee: Spear             |    20 |       |       |       ||    20
       Short sword       |    38 |    20 |    48 |    19 ||   125
       Punch             |     1 |       |     2 |     1 ||     4
       Staff             |       |    38 |       |       ||    38
       Headbutt          |       |     2 |     4 |     4 ||    10
 Cast: Foxfire           |     9 |    46 |   104 |    70 ||   229
       Scorch            |    30 |    47 |    37 |    32 ||   146
       Inner Flame       |       |       |    47 |    59 ||   106
  Use: Potion            |     1 |     2 |       |       ||     3
       Scroll            |       |    12 |    10 |     4 ||    26
 Stab: Sleeping          |     6 |       |       |       ||     6
       Distracted        |     1 |       |       |       ||     1
       Paralysed         |       |    12 |    25 |       ||    37
Armor: Robe              |     4 |    19 |    15 |     4 ||    42
Dodge: Dodged            |    52 |    65 |    60 |    15 ||   192

Table legend: (Time is in decaauts)
 A = Elapsed time spent in this place.
 B = Non-inter-level travel time spent in this place.
 C = Inter-level travel time spent in this place.
 D = Time resting spent in this place.
 E = Time spent auto-exploring this place.
 F = Levels seen in this place.
 G = Mean time per level.
                   A        B        C        D        E       F      G
               +--------+--------+--------+--------+--------+-----+--------+
         Total |  14284 |  13508 |    776 |    308 |  11077 |  14 | 1020.3 |
       Dungeon |  13152 |  12398 |    754 |    294 |  10322 |  10 | 1315.2 |
        Temple |    151 |    139 |     12 |      0 |    106 |   1 |  151.0 |
          Lair |    345 |    336 |      9 |      0 |    217 |   2 |  172.5 |
        Bailey |    634 |    634 |      0 |     14 |    432 |   1 |  634.0 |
               +--------+--------+--------+--------+--------+-----+--------+

Top non-repeatable levels by time:
     D:8: 2169 daAuts
     D:5: 1869 daAuts
     D:7: 1636 daAuts
     D:3: 1427 daAuts
     D:6: 1365 daAuts
     D:2: 1343 daAuts
     D:9: 1306 daAuts
     D:1: 1037 daAuts
     D:4: 944 daAuts
  Bailey: 634 daAuts
  Lair:1: 313 daAuts
  Temple: 151 daAuts
    D:10: 51 daAuts
  Lair:2: 31 daAuts
